Blackhawks vs Maple Leafs
(R1)
Created - 6 mai 2013 at 20:26
Goals
|
| Blackhawks |
1 |
1 |
1 |
3 |
| Maple Leafs |
2 |
1 |
1 |
4 |
|
Shots
|
| Blackhawks |
11 |
8 |
27 |
46 |
| Maple Leafs |
11 |
9 |
6 |
26 |
|
1st period
1. Maple Leafs , Claude Giroux 48 (Peter Forsberg, Zach Parise) at 5:52
2. Blackhawks , Joe Sakic 31 (Alexei Kovalev) at 7:03
3. Maple Leafs , Claude Giroux 49 (Zach Parise, Tobias Enstrom) at 13:09
Penalties :
Daniel Carcillo (Chi) for High sticking (Minor) at 1:09, Dustin Penner (Tor) for Roughing (Minor) at 7:39
2nd period
4. Maple Leafs , Alex Goligoski 5 (Zach Parise, Claude Giroux) at 10:18 (PP)
5. Blackhawks , Joe Sakic 32 (Alexei Kovalev, Kristopher Letang) at 17:14 (PP)
Penalties :
Dion Phaneuf (Tor) for Interference (Minor) at 4:36, Hnat Domenichelli (Chi) for Hooking (Minor) at 10:02, Derek Roy (Tor) for Hooking (Minor) at 10:48, Tobias Enstrom (Tor) for Holding (Minor) at 17:08
3rd period
6. Blackhawks , Colby Armstrong 13 (Hnat Domenichelli) at 0:31
7. Maple Leafs , Derek Roy 17 (Brad Boyes) at 11:35
Penalties :
Zach Parise (Tor) for Hooking (Minor) at 4:35, Francis Bouillon (Chi) for Roughing (Minor) at 16:15
Goalie Stats
Jocelyn Thibault (Chi), 22 saves from 26 shots - (0,846), L, 22-18-2, 59:01 minutes
Marc-André Fleury (Tor), 43 saves from 46 shots - (0,935), W, 34-25-4, 60:00 minutes
Players Stats for Blackhawks
Player Name G A P +/- PIM S H SB GA TA FO MP PP MP PK MP
------------------------------------------------------------------------------------
Alexei Kovalev 0 2 2 1 0 3 4 0 0 0 1/2 22:04 4:47 0:00
Brad Ference 0 0 0 0 0 0 1 0 0 0 0/0 11:36 0:00 0:00
Brooks Laich 0 0 0 1 0 2 2 0 0 1 3/6 15:21 3:15 1:09
Chris Gratton 0 0 0 0 0 1 1 0 0 0 2/5 9:13 0:00 2:06
Colby Armstrong 1 0 1 0 0 4 2 0 0 0 0/2 13:21 0:00 2:06
Craig Rivet 0 0 0 0 0 1 0 0 0 0 0/0 13:57 0:00 2:20
Daniel Carcillo 0 0 0 0 2 3 1 1 0 0 0/0 7:40 0:00 0:27
Francis Bouillon 0 0 0 0 2 0 1 1 1 0 0/0 19:01 3:26 0:00
Hnat Domenichelli 0 1 1 1 2 3 2 0 0 0 2/2 11:58 0:00 1:25
Joe Sakic 2 0 2 1 0 9 1 0 0 0 11/28 22:14 4:47 0:10
Kris Versteeg 0 0 0 1 0 2 1 2 0 0 2/5 23:10 4:47 0:16
Kristopher Letang 0 1 1 0 0 3 0 2 1 1 0/0 20:31 4:36 1:54
Loui Eriksson 0 0 0 -3 0 5 1 0 0 0 0/0 15:54 3:15 0:00
Nicklas Lidstrom 0 0 0 -1 0 2 2 1 2 1 0/0 28:25 4:36 1:54
Nils Ekman 0 0 0 0 0 4 2 0 0 0 0/0 6:52 0:00 0:00
Scott Gomez 0 0 0 -2 0 2 0 0 0 1 10/14 15:14 3:15 0:49
Sergei Shirokov 0 0 0 -3 0 2 0 0 0 0 0/0 12:22 0:00 0:00
Steve McCarthy 0 0 0 -1 0 0 1 1 0 3 0/0 26:50 3:26 2:20
Players Stats for Maple Leafs
Player Name G A P +/- PIM S H SB GA TA FO MP PP MP PK MP
------------------------------------------------------------------------------------
Alex Goligoski 1 0 1 0 0 2 0 2 0 0 0/0 17:58 2:06 3:30
Andy Hilbert 0 0 0 0 0 0 1 0 1 1 0/0 11:14 0:06 1:15
Brad Boyes 0 1 1 1 0 1 1 1 0 0 0/0 17:12 1:51 2:18
Claude Giroux 2 1 3 1 0 6 0 3 0 1 2/2 24:59 2:17 4:29
Colton Orr 0 0 0 -1 0 0 1 0 0 0 0/0 7:02 0:06 0:00
Darryl Sydor 0 0 0 1 0 0 4 2 1 0 0/0 28:53 2:08 4:42
Derek Roy 1 0 1 1 2 2 0 1 0 0 4/11 14:53 1:51 0:00
Dion Phaneuf 0 0 0 0 2 2 1 0 1 0 0/0 20:09 2:08 3:32
Dustin Penner 0 0 0 1 2 0 0 0 1 0 0/1 15:28 1:51 0:00
Jordan Leopold 0 0 0 0 0 0 0 1 0 1 0/0 13:20 0:00 0:00
Lasse Kukkonen 0 0 0 0 0 0 1 0 0 0 0/0 12:45 0:00 1:00
Paul Stastny 0 0 0 -1 0 2 0 0 0 0 1/2 6:35 0:00 0:00
Peter Forsberg 0 1 1 1 0 3 4 0 2 0 20/38 24:59 2:17 4:29
Rob Niedermayer 0 0 0 0 0 2 2 0 0 0 4/6 12:18 0:06 2:18
Scott Walker 0 0 0 0 0 0 1 0 0 0 0/0 9:32 0:00 0:00
Steve Ott 0 0 0 -1 0 1 0 1 0 0 0/1 7:50 0:00 1:15
Tobias Enstrom 0 1 1 1 2 3 1 0 1 0 0/0 26:54 2:06 3:20
Zach Parise 0 3 3 1 2 2 0 0 0 1 2/3 19:52 2:17 0:00
3 Stars
1 - Claude Giroux (Tor)
2 - Joe Sakic (Chi)
3 - Alexei Kovalev (Chi)
Power Play
Blackhawks - 1 on 5 Attempt(s) - 20,00%
Maple Leafs - 1 on 3 Attempt(s) - 33,33%
Penalty Kill
Blackhawks - 2 on 3 Attempt(s) - 66,67%
- Score 0 goal in Penalty Kill
Maple Leafs - 4 on 5 Attempt(s) - 80,00%
- Score 0 goal in Penalty Kill
Official
Referees : Walkom Stephen and Hasenfratz Mike
Linesman : Mark Pare and Vaughan Rody
Game Notes
Scott Gomez is injured at 10:32 of 3rd period (Lacerated Left Calf)
Finance
Level 1 -- Attendance: 4205 (70,08%) -- Ticket Income 391 065 $
Level 2 -- Attendance: 4099 (81,98%) -- Ticket Income 225 445 $
Level 3 -- Attendance: 1648 (82,40%) -- Ticket Income 52 736 $
Level 4 -- Attendance: 3639 (90,98%) -- Ticket Income 65 502 $
Luxury Box -- Attendance: 789 (78,90%) -- Ticket Income 142 020 $
Game was played at the Maple Leafs Garden
Total Attendance: 14380 (79,89%)
Total Ticket Income: 876 768 $
Other Income: 43 838 $
Total Income: 920 606 $
Blackhawks
5 vs 5 Forward
Center Left Wing Right Wing Time % Phy DF OF
1 Joe Sakic Kris Versteeg Alexei Kovalev 40 1 2 2
2 Scott Gomez Loui Eriksson Sergei Shirokov 30 1 2 2
3 Brooks Laich Hnat Domenichelli Colby Armstrong 20 1 2 2
4 Chris Gratton Daniel Carcillo Nils Ekman 10 1 2 2
5 vs 5 Defense
Defense Defense Time % Phy DF OF
1 Nicklas Lidstrom Steve McCarthy 40 1 2 2
2 Kristopher Letang Francis Bouillon 30 1 2 2
3 Craig Rivet Brad Ference 20 1 2 2
4 Nicklas Lidstrom Steve McCarthy 10 1 2 2
PowerPlay Forward
Center Left Wing Right Wing Time % Phy DF OF
1 Joe Sakic Kris Versteeg Alexei Kovalev 60 1 2 2
2 Scott Gomez Loui Eriksson Brooks Laich 40 1 2 2
PowerPlay Defense
Defense Defense Time % Phy DF OF
1 Nicklas Lidstrom Kristopher Letang 60 1 2 2
2 Francis Bouillon Steve McCarthy 40 1 2 2
Penalty Kill 4 Players Forward
Center Wing Time % Phy DF OF
1 Chris Gratton Colby Armstrong 60 1 2 2
2 Scott Gomez Hnat Domenichelli 40 1 2 2
Penalty Kill 4 Players Defense
Defense Defense Time % Phy DF OF
1 Craig Rivet Steve McCarthy 60 1 2 2
2 Kristopher Letang Nicklas Lidstrom 40 1 2 2
Penalty Kill - 3 Players Forward
Forward Time % Phy DF OF
1 Joe Sakic 60 1 2 2
2 Kris Versteeg 40 1 2 2
Penalty Kill - 3 Players Defense
Defense Defense Time % Phy DF OF
1 Nicklas Lidstrom Francis Bouillon 60 1 2 2
2 Kristopher Letang Steve McCarthy 40 1 2 2
4 vs 4 Forward
Center Wing Time % Phy DF OF
1 Joe Sakic Kris Versteeg 60 1 2 2
2 Scott Gomez Alexei Kovalev 40 1 2 2
4 vs 4 Defense
Defense Defense Time % Phy DF OF
1 Nicklas Lidstrom Francis Bouillon 60 1 2 2
2 Kristopher Letang Steve McCarthy 40 1 2 2
Last Minutes Offensive
Center Left Wing Right Wing Defense Defense
Joe Sakic Kris Versteeg Alexei Kovalev Nicklas Lidstrom Francis Bouillon
Last Minutes Defensive
Center Left Wing Right Wing Defense Defense
Joe Sakic Kris Versteeg Alexei Kovalev Nicklas Lidstrom Francis Bouillon
Goaltenders
Starting : Jocelyn Thibault
Backup : Tyler Weiman
Extra Forwards
Normal : Kris Versteeg, Colby Armstrong, Brooks Laich - PP : Chris Gratton, Colby Armstrong - PK : Brooks Laich
Extra Defensemen
Normal : Craig Rivet, Brad Ference, Kristopher Letang - PP : Craig Rivet - PK : Brad Ference, Kristopher Letang
Penalty Shots
Joe Sakic, Kris Versteeg, Alexei Kovalev, Scott Gomez, Nils Ekman
Maple Leafs
5 vs 5 Forward
Center Left Wing Right Wing Time % Phy DF OF
1 Peter Forsberg Zach Parise Claude Giroux 40 0 1 4
2 Derek Roy Dustin Penner Brad Boyes 30 1 2 2
3 Rob Niedermayer Andy Hilbert Scott Walker 20 1 2 2
4 Paul Stastny Steve Ott Colton Orr 10 1 2 2
5 vs 5 Defense
Defense Defense Time % Phy DF OF
1 Tobias Enstrom Darryl Sydor 40 1 2 2
2 Dion Phaneuf Jordan Leopold 30 1 2 2
3 Alex Goligoski Lasse Kukkonen 20 1 2 2
4 Tobias Enstrom Darryl Sydor 10 1 2 2
PowerPlay Forward
Center Left Wing Right Wing Time % Phy DF OF
1 Peter Forsberg Zach Parise Claude Giroux 60 1 2 2
2 Derek Roy Dustin Penner Brad Boyes 40 1 2 2
PowerPlay Defense
Defense Defense Time % Phy DF OF
1 Tobias Enstrom Alex Goligoski 60 1 2 2
2 Dion Phaneuf Darryl Sydor 40 1 2 2
Penalty Kill 4 Players Forward
Center Wing Time % Phy DF OF
1 Peter Forsberg Claude Giroux 60 1 2 2
2 Rob Niedermayer Brad Boyes 40 1 2 2
Penalty Kill 4 Players Defense
Defense Defense Time % Phy DF OF
1 Dion Phaneuf Darryl Sydor 60 1 2 2
2 Tobias Enstrom Alex Goligoski 40 1 2 2
Penalty Kill - 3 Players Forward
Forward Time % Phy DF OF
1 Peter Forsberg 60 1 2 2
2 Claude Giroux 40 1 2 2
Penalty Kill - 3 Players Defense
Defense Defense Time % Phy DF OF
1 Dion Phaneuf Darryl Sydor 60 1 2 2
2 Tobias Enstrom Alex Goligoski 40 1 2 2
4 vs 4 Forward
Center Wing Time % Phy DF OF
1 Peter Forsberg Claude Giroux 60 1 2 2
2 Derek Roy Brad Boyes 40 1 2 2
4 vs 4 Defense
Defense Defense Time % Phy DF OF
1 Dion Phaneuf Darryl Sydor 60 1 2 2
2 Tobias Enstrom Alex Goligoski 40 1 2 2
Last Minutes Offensive
Center Left Wing Right Wing Defense Defense
Peter Forsberg Zach Parise Claude Giroux Dion Phaneuf Tobias Enstrom
Last Minutes Defensive
Center Left Wing Right Wing Defense Defense
Peter Forsberg Zach Parise Claude Giroux Dion Phaneuf Tobias Enstrom
Goaltenders
Starting : Marc-André Fleury
Backup : Mike Dunham
Extra Forwards
Normal : Brad Boyes, Rob Niedermayer, Steve Ott - PP : Brad Boyes, Rob Niedermayer - PK : Steve Ott
Extra Defensemen
Normal : Dion Phaneuf, Jordan Leopold, Tobias Enstrom - PP : Jordan Leopold - PK : Lasse Kukkonen, Tobias Enstrom
Penalty Shots
Peter Forsberg, Claude Giroux, Paul Stastny, Brad Boyes, Derek Roy
% Time on Ice - Blackhawks
Lines # - Real PCT - Wanted PCT - Time Play
Normal Forward
1 - 35% - 40% - 16:27
2 - 27% - 30% - 12:40
3 - 23% - 20% - 10:34
4 - 15% - 10% - 6:52
Normal Defense
1 - 40% - 40% - 18:40
2 - 31% - 30% - 14:33
3 - 25% - 20% - 11:28
4 - 4% - 10% - 1:52
PP Forward
1 - 60% - 60% - 4:47
2 - 40% - 40% - 3:15
PP Defense
1 - 57% - 60% - 4:36
2 - 43% - 40% - 3:26
PK Forward
1 - 68% - 60% - 2:52
2 - 32% - 40% - 1:22
PK Defense
1 - 55% - 60% - 2:20
2 - 45% - 40% - 1:54
PK3 Forward
1 - 0% - 60%
2 - 0% - 40%
PK3 Defense
1 - 0% - 60%
2 - 0% - 40%
44 Forward
1 - 0% - 60%
2 - 0% - 40%
44 Defense
1 - 0% - 60%
2 - 0% - 40%
Last Minute Offensive - 1:11
Last Minute Defensive - 0:00
Total
Forward - 60:00
Defense - 60:00
|
% Time on Ice - Maple Leafs
Lines # - Real PCT - Wanted PCT - Time Play
Normal Forward
1 - 37% - 40% - 17:22
2 - 28% - 30% - 13:03
3 - 20% - 20% - 9:32
4 - 14% - 10% - 6:35
Normal Defense
1 - 42% - 40% - 19:23
2 - 31% - 30% - 14:26
3 - 23% - 20% - 10:33
4 - 5% - 10% - 2:10
PP Forward
1 - 56% - 60% - 2:23
2 - 44% - 40% - 1:51
PP Defense
1 - 50% - 60% - 2:06
2 - 50% - 40% - 2:08
PK Forward
1 - 71% - 60% - 5:44
2 - 29% - 40% - 2:18
PK Defense
1 - 62% - 60% - 4:59
2 - 38% - 40% - 3:03
PK3 Forward
1 - 0% - 60%
2 - 0% - 40%
PK3 Defense
1 - 0% - 60%
2 - 0% - 40%
44 Forward
1 - 0% - 60%
2 - 0% - 40%
44 Defense
1 - 0% - 60%
2 - 0% - 40%
Last Minute Offensive - 0:00
Last Minute Defensive - 1:12
Total
Forward - 60:00
Defense - 60:00
|
Play by Play
1st period
0:01 of 1st period - Peter Forsberg wins face-off versus Joe Sakic in neutral zone.
0:04 of 1st period - Slapshot by Darryl Sydor.
0:04 of 1st period - Shot Misses the Net.
1:09 of 1st period - Minor Penalty to Daniel Carcillo for High sticking.
1:10 of 1st period - Chris Gratton wins face-off versus Peter Forsberg in Blackhawks zone.
3:09 of 1st period - Penalty to Daniel Carcillo is over, Daniel Carcillo is back on ice.
3:16 of 1st period - Francis Bouillon is hit by Dion Phaneuf and loses puck.
3:53 of 1st period - Wrist shot by Joe Sakic.
3:53 of 1st period - Stopped by Marc-André Fleury without a rebound.
3:54 of 1st period - Scott Gomez wins face-off versus Peter Forsberg in Maple Leafs zone.
4:19 of 1st period - Lasse Kukkonen is hit by Colby Armstrong and loses puck.
4:38 of 1st period - Derek Roy is hit by Chris Gratton and loses puck.
4:47 of 1st period - Derek Roy is hit by Nils Ekman and loses puck.
5:04 of 1st period - Wrist shot by Loui Eriksson.
5:04 of 1st period - Shot Blocked by Jordan Leopold.
5:39 of 1st period - Alex Goligoski is hit by Hnat Domenichelli and loses puck.
5:46 of 1st period - Wrist shot by Hnat Domenichelli.
5:46 of 1st period - Stopped by Marc-André Fleury without a rebound.
5:47 of 1st period - Peter Forsberg wins face-off versus Scott Gomez in Maple Leafs zone.
5:52 of 1st period - Wrist shot by Claude Giroux.
5:52 of 1st period - Goal by Claude Giroux - Blackhawks : 0 - Maple Leafs : 1.
5:53 of 1st period - Joe Sakic wins face-off versus Peter Forsberg in neutral zone.
6:00 of 1st period - Slapshot by Nicklas Lidstrom.
6:00 of 1st period - Shot Misses the Net.
6:02 of 1st period - Slapshot by Nicklas Lidstrom.
6:02 of 1st period - Shot Misses the Net.
6:04 of 1st period - Snap shot by Alexei Kovalev.
6:04 of 1st period - Stopped by Marc-André Fleury with a rebound.
6:06 of 1st period - Slapshot by Nicklas Lidstrom.
6:06 of 1st period - Shot Misses the Net.
6:08 of 1st period - Wrist shot by Joe Sakic.
6:08 of 1st period - Shot Misses the Net.
6:18 of 1st period - Nicklas Lidstrom is hit by Brad Boyes and loses puck.
6:47 of 1st period - Wrist shot by Dion Phaneuf.
6:47 of 1st period - Stopped by Jocelyn Thibault with a rebound.
7:03 of 1st period - Wrist shot by Joe Sakic.
7:03 of 1st period - Goal by Joe Sakic - Blackhawks : 1 - Maple Leafs : 1.
7:04 of 1st period - Peter Forsberg wins face-off versus Joe Sakic in neutral zone.
7:31 of 1st period - Tobias Enstrom is hit by Steve McCarthy and loses puck.
7:39 of 1st period - Minor Penalty to Dustin Penner for Roughing.
7:40 of 1st period - Joe Sakic wins face-off versus Peter Forsberg in Maple Leafs zone.
7:51 of 1st period - Snap shot by Claude Giroux.
7:51 of 1st period - Shot Misses the Net.
7:57 of 1st period - Darryl Sydor is hit by Alexei Kovalev and loses puck.
9:12 of 1st period - Snap shot by Tobias Enstrom.
9:12 of 1st period - Stopped by Jocelyn Thibault with a rebound.
9:39 of 1st period - Penalty to Dustin Penner is over, Dustin Penner is back on ice.
10:00 of 1st period - Snap shot by Peter Forsberg.
10:00 of 1st period - Shot Misses the Net.
10:02 of 1st period - Wrist shot by Claude Giroux.
10:02 of 1st period - Stopped by Jocelyn Thibault with a rebound.
10:04 of 1st period - Snap shot by Peter Forsberg.
10:04 of 1st period - Shot Misses the Net.
10:06 of 1st period - Wrist shot by Peter Forsberg.
10:06 of 1st period - Shot Blocked by Daniel Carcillo.
10:08 of 1st period - Wrist shot by Tobias Enstrom.
10:08 of 1st period - Shot Blocked by Francis Bouillon.
10:10 of 1st period - Snap shot by Dustin Penner.
10:10 of 1st period - Shot Misses the Net.
10:12 of 1st period - Snap shot by Peter Forsberg.
10:12 of 1st period - Shot Hit the Post.
10:14 of 1st period - Slapshot by Alex Goligoski.
10:14 of 1st period - Deflect By Dustin Penner.
10:14 of 1st period - Shot Misses the Net.
10:14 of 1st period - Puck is out of play.
10:15 of 1st period - Rob Niedermayer wins face-off versus Brooks Laich in Blackhawks zone.
10:16 of 1st period - Snap shot by Dion Phaneuf.
10:16 of 1st period - Shot Misses the Net.
10:35 of 1st period - Icing by Jordan Leopold.
10:36 of 1st period - Scott Gomez wins face-off versus Steve Ott in Maple Leafs zone.
10:43 of 1st period - Wrist shot by Loui Eriksson.
10:43 of 1st period - Shot Misses the Net.
10:45 of 1st period - Slapshot by Craig Rivet.
10:45 of 1st period - Shot Blocked by Steve Ott.
11:08 of 1st period - Wrist shot by Joe Sakic.
11:08 of 1st period - Stopped by Marc-André Fleury without a rebound.
11:09 of 1st period - Joe Sakic wins face-off versus Derek Roy in Maple Leafs zone.
11:20 of 1st period - Alexei Kovalev is hit by Darryl Sydor and loses puck.
12:30 of 1st period - Kristopher Letang is hit by Tobias Enstrom and loses puck.
13:07 of 1st period - Slapshot by Zach Parise.
13:07 of 1st period - Stopped by Jocelyn Thibault with a rebound.
13:09 of 1st period - Wrist shot by Claude Giroux.
13:09 of 1st period - Goal by Claude Giroux - Blackhawks : 1 - Maple Leafs : 2.
13:10 of 1st period - Alexei Kovalev wins face-off versus Peter Forsberg in neutral zone.
13:55 of 1st period - Snap shot by Rob Niedermayer.
13:55 of 1st period - Shot Misses the Net.
13:57 of 1st period - Wrist shot by Andy Hilbert.
13:57 of 1st period - Shot Misses the Net.
13:59 of 1st period - Snap shot by Dion Phaneuf.
13:59 of 1st period - Stopped by Jocelyn Thibault without a rebound.
14:00 of 1st period - Brooks Laich wins face-off versus Peter Forsberg in Blackhawks zone.
14:05 of 1st period - Wrist shot by Hnat Domenichelli.
14:05 of 1st period - Stopped by Marc-André Fleury with a rebound.
14:27 of 1st period - Derek Roy is hit by Joe Sakic and loses puck.
14:53 of 1st period - Snap shot by Loui Eriksson.
14:53 of 1st period - Stopped by Marc-André Fleury without a rebound.
14:54 of 1st period - Scott Gomez wins face-off versus Peter Forsberg in Maple Leafs zone.
14:59 of 1st period - Wrist shot by Nicklas Lidstrom.
14:59 of 1st period - Shot Misses the Net.
15:01 of 1st period - Slapshot by Steve McCarthy.
15:01 of 1st period - Shot Blocked by Alex Goligoski.
15:03 of 1st period - Slapshot by Steve McCarthy.
15:03 of 1st period - Deflect By Scott Gomez.
15:03 of 1st period - Shot Misses the Net.
15:03 of 1st period - Puck is out of play.
15:04 of 1st period - Peter Forsberg wins face-off versus Scott Gomez in Maple Leafs zone.
15:04 of 1st period - Peter Forsberg is hit by Loui Eriksson.
15:09 of 1st period - Off-side.
15:10 of 1st period - Claude Giroux wins face-off versus Joe Sakic in neutral zone.
15:56 of 1st period - Slapshot by Tobias Enstrom.
15:56 of 1st period - Stopped by Jocelyn Thibault with a rebound.
17:07 of 1st period - Wrist shot by Scott Gomez.
17:07 of 1st period - Stopped by Marc-André Fleury without a rebound.
17:08 of 1st period - Derek Roy wins face-off versus Joe Sakic in Maple Leafs zone.
17:16 of 1st period - Off-side.
17:17 of 1st period - Peter Forsberg wins face-off versus Joe Sakic in neutral zone.
17:22 of 1st period - Snap shot by Claude Giroux.
17:22 of 1st period - Shot Misses the Net.
17:26 of 1st period - Snap shot by Claude Giroux.
17:26 of 1st period - Shot Misses the Net.
17:44 of 1st period - Backhand shot by Joe Sakic.
17:44 of 1st period - Stopped by Marc-André Fleury with a rebound.
17:56 of 1st period - Wrist shot by Peter Forsberg.
17:56 of 1st period - Stopped by Jocelyn Thibault with a rebound.
17:58 of 1st period - Wrist shot by Peter Forsberg.
17:58 of 1st period - Stopped by Jocelyn Thibault without a rebound.
17:59 of 1st period - Scott Gomez wins face-off versus Derek Roy in Blackhawks zone.
17:59 of 1st period - Scott Gomez is hit by Darryl Sydor.
18:18 of 1st period - Darryl Sydor is hit by Francis Bouillon and loses puck.
18:33 of 1st period - Slapshot by Colby Armstrong.
18:33 of 1st period - Stopped by Marc-André Fleury without a rebound.
18:34 of 1st period - Hnat Domenichelli wins face-off versus Rob Niedermayer in Maple Leafs zone.
18:48 of 1st period - Alex Goligoski is hit by Brad Ference and loses puck.
19:03 of 1st period - Snap shot by Rob Niedermayer.
19:03 of 1st period - Stopped by Jocelyn Thibault without a rebound.
19:04 of 1st period - Peter Forsberg wins face-off versus Joe Sakic in Blackhawks zone.
19:40 of 1st period - Wrist shot by Scott Gomez.
19:40 of 1st period - Deflect By Loui Eriksson.
19:40 of 1st period - Shot Misses the Net.
19:40 of 1st period - Puck is out of play.
19:41 of 1st period - Brooks Laich wins face-off versus Peter Forsberg in Maple Leafs zone.
19:42 of 1st period - Snap shot by Colby Armstrong.
19:42 of 1st period - Stopped by Marc-André Fleury without a rebound.
19:43 of 1st period - Peter Forsberg wins face-off versus Brooks Laich in Maple Leafs zone.
19:50 of 1st period - Slapshot by Tobias Enstrom.
19:50 of 1st period - Shot Blocked by Kristopher Letang.
2nd period
0:01 of 2nd period - Peter Forsberg wins face-off versus Joe Sakic in neutral zone.
0:31 of 2nd period - Slapshot by Tobias Enstrom.
0:31 of 2nd period - Shot Misses the Net.
0:49 of 2nd period - Andy Hilbert is hit by Brooks Laich and loses puck.
1:24 of 2nd period - Wrist shot by Hnat Domenichelli.
1:24 of 2nd period - Stopped by Marc-André Fleury with a rebound.
1:50 of 2nd period - Colby Armstrong is hit by Peter Forsberg and loses puck.
2:30 of 2nd period - Snap shot by Claude Giroux.
2:30 of 2nd period - Stopped by Jocelyn Thibault without a rebound.
2:31 of 2nd period - Joe Sakic wins face-off versus Derek Roy in Blackhawks zone.
2:56 of 2nd period - Slapshot by Paul Stastny.
2:56 of 2nd period - Shot Misses the Net.
3:08 of 2nd period - Wrist shot by Paul Stastny.
3:08 of 2nd period - Stopped by Jocelyn Thibault with a rebound.
3:18 of 2nd period - Sergei Shirokov is hit by Scott Walker and loses puck.
3:25 of 2nd period - Snap shot by Scott Walker.
3:25 of 2nd period - Shot Misses the Net.
3:27 of 2nd period - Slapshot by Tobias Enstrom.
3:27 of 2nd period - Stopped by Jocelyn Thibault without a rebound.
3:28 of 2nd period - Chris Gratton wins face-off versus Derek Roy in Blackhawks zone.
4:17 of 2nd period - Slapshot by Steve Ott.
4:17 of 2nd period - Shot Misses the Net.
4:19 of 2nd period - Slapshot by Darryl Sydor.
4:19 of 2nd period - Shot Blocked by Kris Versteeg.
4:21 of 2nd period - Wrist shot by Paul Stastny.
4:21 of 2nd period - Stopped by Jocelyn Thibault without a rebound.
4:22 of 2nd period - Scott Gomez wins face-off versus Derek Roy in Blackhawks zone.
4:36 of 2nd period - Minor Penalty to Dion Phaneuf for Interference.
4:37 of 2nd period - Peter Forsberg wins face-off versus Joe Sakic in Maple Leafs zone.
6:36 of 2nd period - Penalty to Dion Phaneuf is over, Dion Phaneuf is back on ice.
7:17 of 2nd period - Andy Hilbert is hit by Daniel Carcillo and loses puck.
7:34 of 2nd period - Darryl Sydor is hit by Colby Armstrong and loses puck.
7:53 of 2nd period - Scott Gomez is hit by Peter Forsberg and loses puck.
8:10 of 2nd period - Slapshot by Paul Stastny.
8:10 of 2nd period - Shot Misses the Net.
8:12 of 2nd period - Snap shot by Steve Ott.
8:12 of 2nd period - Shot Misses the Net.
8:21 of 2nd period - Off-side.
8:22 of 2nd period - Rob Niedermayer wins face-off versus Joe Sakic in neutral zone.
8:36 of 2nd period - Scott Walker is hit by Alexei Kovalev and loses puck.
9:38 of 2nd period - Snap shot by Joe Sakic.
9:38 of 2nd period - Shot Misses the Net.
9:54 of 2nd period - Wrist shot by Rob Niedermayer.
9:54 of 2nd period - Stopped by Jocelyn Thibault without a rebound.
9:55 of 2nd period - Hnat Domenichelli wins face-off versus Rob Niedermayer in Blackhawks zone.
9:55 of 2nd period - Hnat Domenichelli is hit by Lasse Kukkonen.
10:02 of 2nd period - Minor Penalty to Hnat Domenichelli for Hooking.
10:03 of 2nd period - Peter Forsberg wins face-off versus Chris Gratton in Blackhawks zone.
10:12 of 2nd period - Slapshot by Claude Giroux.
10:12 of 2nd period - Shot Misses the Net.
10:14 of 2nd period - Wrist shot by Claude Giroux.
10:14 of 2nd period - Shot Blocked by Kristopher Letang.
10:16 of 2nd period - Snap shot by Zach Parise.
10:16 of 2nd period - Deflect By Nicklas Lidstrom.
10:16 of 2nd period - Stopped by Jocelyn Thibault with a rebound.
10:18 of 2nd period - Backhand shot by Alex Goligoski.
10:18 of 2nd period - Goal by Alex Goligoski - Blackhawks : 1 - Maple Leafs : 3.
10:19 of 2nd period - Peter Forsberg wins face-off versus Joe Sakic in neutral zone.
10:22 of 2nd period - Steve McCarthy is hit by Darryl Sydor and loses puck.
10:33 of 2nd period - Snap shot by Joe Sakic.
10:33 of 2nd period - Stopped by Marc-André Fleury without a rebound.
10:34 of 2nd period - Scott Gomez wins face-off versus Derek Roy in Maple Leafs zone.
10:35 of 2nd period - Wrist shot by Loui Eriksson.
10:35 of 2nd period - Stopped by Marc-André Fleury with a rebound.
10:48 of 2nd period - Minor Penalty to Derek Roy for Hooking.
10:49 of 2nd period - Peter Forsberg wins face-off versus Joe Sakic in Maple Leafs zone.
11:52 of 2nd period - Joe Sakic is hit by Peter Forsberg and loses puck.
12:09 of 2nd period - Dion Phaneuf is hit by Brooks Laich and loses puck.
12:48 of 2nd period - Penalty to Derek Roy is over, Derek Roy is back on ice.
13:06 of 2nd period - Wrist shot by Chris Gratton.
13:06 of 2nd period - Stopped by Marc-André Fleury without a rebound.
13:07 of 2nd period - Scott Gomez wins face-off versus Paul Stastny in Maple Leafs zone.
13:08 of 2nd period - Snap shot by Loui Eriksson.
13:08 of 2nd period - Shot Misses the Net.
13:31 of 2nd period - Craig Rivet is hit by Rob Niedermayer and loses puck.
14:59 of 2nd period - Snap shot by Brad Boyes.
14:59 of 2nd period - Stopped by Jocelyn Thibault with a rebound.
15:47 of 2nd period - Slapshot by Nicklas Lidstrom.
15:47 of 2nd period - Shot Misses the Net.
16:15 of 2nd period - Icing by Francis Bouillon.
16:16 of 2nd period - Joe Sakic wins face-off versus Derek Roy in Blackhawks zone.
16:23 of 2nd period - Wrist shot by Kristopher Letang.
16:23 of 2nd period - Shot Blocked by Alex Goligoski.
17:04 of 2nd period - Craig Rivet is hit by Rob Niedermayer and loses puck.
17:08 of 2nd period - Minor Penalty to Tobias Enstrom for Holding.
17:09 of 2nd period - Kris Versteeg wins face-off versus Peter Forsberg in Maple Leafs zone.
17:10 of 2nd period - Wrist shot by Joe Sakic.
17:10 of 2nd period - Shot Misses the Net.
17:12 of 2nd period - Slapshot by Kristopher Letang.
17:12 of 2nd period - Stopped by Marc-André Fleury with a rebound.
17:14 of 2nd period - Snap shot by Alexei Kovalev.
17:14 of 2nd period - Deflect By Joe Sakic.
17:14 of 2nd period - Goal by Joe Sakic - Blackhawks : 2 - Maple Leafs : 3.
17:15 of 2nd period - Joe Sakic wins face-off versus Zach Parise in neutral zone.
17:22 of 2nd period - Tobias Enstrom is hit by Nicklas Lidstrom.
18:05 of 2nd period - Wrist shot by Joe Sakic.
18:05 of 2nd period - Shot Blocked by Darryl Sydor.
18:33 of 2nd period - Wrist shot by Joe Sakic.
18:33 of 2nd period - Stopped by Marc-André Fleury without a rebound.
18:34 of 2nd period - Zach Parise wins face-off versus Scott Gomez in Maple Leafs zone.
19:06 of 2nd period - Off-side.
19:07 of 2nd period - Rob Niedermayer wins face-off versus Brooks Laich in neutral zone.
19:15 of 2nd period - Slapshot by Kristopher Letang.
19:15 of 2nd period - Stopped by Marc-André Fleury without a rebound.
19:16 of 2nd period - Scott Gomez wins face-off versus Peter Forsberg in Maple Leafs zone.
19:29 of 2nd period - Snap shot by Claude Giroux.
19:29 of 2nd period - Stopped by Jocelyn Thibault without a rebound.
19:30 of 2nd period - Peter Forsberg wins face-off versus Joe Sakic in Blackhawks zone.
19:45 of 2nd period - Steve McCarthy is hit by Peter Forsberg and loses puck.
3rd period
0:01 of 3rd period - Peter Forsberg wins face-off versus Joe Sakic in neutral zone.
0:16 of 3rd period - Slapshot by Nicklas Lidstrom.
0:16 of 3rd period - Stopped by Marc-André Fleury with a rebound.
0:26 of 3rd period - Zach Parise is hit by Nicklas Lidstrom and loses puck.
0:31 of 3rd period - Snap shot by Colby Armstrong.
0:31 of 3rd period - Goal by Colby Armstrong - Blackhawks : 3 - Maple Leafs : 3.
0:32 of 3rd period - Peter Forsberg wins face-off versus Joe Sakic in neutral zone.
1:09 of 3rd period - Slapshot by Loui Eriksson.
1:09 of 3rd period - Shot Misses the Net.
1:11 of 3rd period - Slapshot by Nicklas Lidstrom.
1:11 of 3rd period - Shot Hit the Post.
1:13 of 3rd period - Slapshot by Nicklas Lidstrom.
1:13 of 3rd period - Deflect By Sergei Shirokov.
1:13 of 3rd period - Stopped by Marc-André Fleury with a rebound.
1:23 of 3rd period - Kristopher Letang is hit by Darryl Sydor and loses puck.
2:02 of 3rd period - Snap shot by Loui Eriksson.
2:02 of 3rd period - Stopped by Marc-André Fleury without a rebound.
2:03 of 3rd period - Peter Forsberg wins face-off versus Scott Gomez in Maple Leafs zone.
2:08 of 3rd period - Snap shot by Scott Gomez.
2:08 of 3rd period - Stopped by Marc-André Fleury without a rebound.
2:09 of 3rd period - Kris Versteeg wins face-off versus Peter Forsberg in Maple Leafs zone.
2:14 of 3rd period - Wrist shot by Kris Versteeg.
2:14 of 3rd period - Shot Blocked by Claude Giroux.
2:21 of 3rd period - Off-side.
2:22 of 3rd period - Joe Sakic wins face-off versus Peter Forsberg in neutral zone.
2:27 of 3rd period - Slapshot by Nicklas Lidstrom.
2:27 of 3rd period - Shot Blocked by Claude Giroux.
2:29 of 3rd period - Wrist shot by Joe Sakic.
2:29 of 3rd period - Stopped by Marc-André Fleury without a rebound.
2:30 of 3rd period - Joe Sakic wins face-off versus Peter Forsberg in Maple Leafs zone.
2:35 of 3rd period - Wrist shot by Alexei Kovalev.
2:35 of 3rd period - Shot Misses the Net.
2:37 of 3rd period - Snap shot by Alexei Kovalev.
2:37 of 3rd period - Stopped by Marc-André Fleury without a rebound.
2:38 of 3rd period - Peter Forsberg wins face-off versus Joe Sakic in Maple Leafs zone.
3:29 of 3rd period - Steve McCarthy is hit by Andy Hilbert and loses puck.
3:56 of 3rd period - Snap shot by Nils Ekman.
3:56 of 3rd period - Stopped by Marc-André Fleury with a rebound.
4:14 of 3rd period - Wrist shot by Kris Versteeg.
4:14 of 3rd period - Stopped by Marc-André Fleury without a rebound.
4:15 of 3rd period - Scott Gomez wins face-off versus Peter Forsberg in Maple Leafs zone.
4:18 of 3rd period - Slapshot by Loui Eriksson.
4:18 of 3rd period - Stopped by Marc-André Fleury with a rebound.
4:20 of 3rd period - Slapshot by Sergei Shirokov.
4:20 of 3rd period - Stopped by Marc-André Fleury with a rebound.
4:22 of 3rd period - Wrist shot by Loui Eriksson.
4:22 of 3rd period - Stopped by Marc-André Fleury without a rebound.
4:23 of 3rd period - Scott Gomez wins face-off versus Peter Forsberg in Maple Leafs zone.
4:35 of 3rd period - Minor Penalty to Zach Parise for Hooking.
4:36 of 3rd period - Claude Giroux wins face-off versus Kris Versteeg in Maple Leafs zone.
4:49 of 3rd period - Snap shot by Joe Sakic.
4:49 of 3rd period - Stopped by Marc-André Fleury without a rebound.
4:50 of 3rd period - Peter Forsberg wins face-off versus Alexei Kovalev in Maple Leafs zone.
5:19 of 3rd period - Slapshot by Brooks Laich.
5:19 of 3rd period - Stopped by Marc-André Fleury with a rebound.
5:21 of 3rd period - Wrist shot by Kristopher Letang.
5:21 of 3rd period - Stopped by Marc-André Fleury with a rebound.
5:25 of 3rd period - Wrist shot by Scott Gomez.
5:25 of 3rd period - Deflect By Brooks Laich.
5:25 of 3rd period - Shot Blocked by Brad Boyes.
5:25 of 3rd period - Puck is out of play.
5:26 of 3rd period - Rob Niedermayer wins face-off versus Joe Sakic in Maple Leafs zone.
6:15 of 3rd period - Icing by Kris Versteeg.
6:16 of 3rd period - Joe Sakic wins face-off versus Peter Forsberg in Blackhawks zone.
6:35 of 3rd period - Penalty to Zach Parise is over, Zach Parise is back on ice.
6:53 of 3rd period - Snap shot by Daniel Carcillo.
6:53 of 3rd period - Stopped by Marc-André Fleury with a rebound.
6:55 of 3rd period - Snap shot by Nils Ekman.
6:55 of 3rd period - Stopped by Marc-André Fleury with a rebound.
7:20 of 3rd period - Snap shot by Brooks Laich.
7:20 of 3rd period - Stopped by Marc-André Fleury with a rebound.
7:22 of 3rd period - Snap shot by Colby Armstrong.
7:22 of 3rd period - Stopped by Marc-André Fleury with a rebound.
8:25 of 3rd period - Wrist shot by Daniel Carcillo.
8:25 of 3rd period - Stopped by Marc-André Fleury with a rebound.
8:27 of 3rd period - Snap shot by Nils Ekman.
8:27 of 3rd period - Shot Misses the Net.
8:37 of 3rd period - Scott Walker is hit by Hnat Domenichelli and loses puck.
9:36 of 3rd period - Snap shot by Nils Ekman.
9:36 of 3rd period - Stopped by Marc-André Fleury with a rebound.
9:38 of 3rd period - Snap shot by Daniel Carcillo.
9:38 of 3rd period - Shot Misses the Net.
9:40 of 3rd period - Slapshot by Francis Bouillon.
9:40 of 3rd period - Shot Blocked by Claude Giroux.
9:57 of 3rd period - Wrist shot by Scott Walker.
9:57 of 3rd period - Shot Misses the Net.
9:59 of 3rd period - Snap shot by Scott Walker.
9:59 of 3rd period - Shot Misses the Net.
10:01 of 3rd period - Snap shot by Andy Hilbert.
10:01 of 3rd period - Shot Misses the Net.
10:31 of 3rd period - Scott Gomez is hit by Colton Orr and loses puck.
10:32 of 3rd period - Scott Gomez from Blackhawks is injured at 10:32 of 3rd period (Lacerated Left Calf).
10:33 of 3rd period - Peter Forsberg wins face-off versus Kris Versteeg in Blackhawks zone.
10:36 of 3rd period - Wrist shot by Claude Giroux.
10:36 of 3rd period - Shot Blocked by Steve McCarthy.
10:38 of 3rd period - Slapshot by Tobias Enstrom.
10:38 of 3rd period - Deflect By Peter Forsberg.
10:38 of 3rd period - Shot Blocked by Nicklas Lidstrom.
10:38 of 3rd period - Puck is out of play.
10:39 of 3rd period - Zach Parise wins face-off versus Joe Sakic in Blackhawks zone.
11:12 of 3rd period - Wrist shot by Claude Giroux.
11:12 of 3rd period - Shot Blocked by Kris Versteeg.
11:21 of 3rd period - Slapshot by Peter Forsberg.
11:21 of 3rd period - Stopped by Jocelyn Thibault with a rebound.
11:23 of 3rd period - Snap shot by Claude Giroux.
11:23 of 3rd period - Stopped by Jocelyn Thibault without a rebound.
11:24 of 3rd period - Derek Roy wins face-off versus Colby Armstrong in Blackhawks zone.
11:27 of 3rd period - Snap shot by Derek Roy.
11:27 of 3rd period - Stopped by Jocelyn Thibault without a rebound.
11:28 of 3rd period - Derek Roy wins face-off versus Colby Armstrong in Blackhawks zone.
11:35 of 3rd period - Snap shot by Brad Boyes.
11:35 of 3rd period - Deflect By Derek Roy.
11:35 of 3rd period - Goal by Derek Roy - Blackhawks : 3 - Maple Leafs : 4.
11:36 of 3rd period - Joe Sakic wins face-off versus Peter Forsberg in neutral zone.
12:58 of 3rd period - Slapshot by Alex Goligoski.
12:58 of 3rd period - Shot Misses the Net.
13:04 of 3rd period - Wrist shot by Peter Forsberg.
13:04 of 3rd period - Shot Misses the Net.
13:06 of 3rd period - Slapshot by Alex Goligoski.
13:06 of 3rd period - Stopped by Jocelyn Thibault with a rebound.
13:39 of 3rd period - Icing by Tobias Enstrom.
13:40 of 3rd period - Derek Roy wins face-off versus Chris Gratton in Maple Leafs zone.
13:40 of 3rd period - Derek Roy is hit by Nils Ekman.
14:41 of 3rd period - Tobias Enstrom is hit by Alexei Kovalev and loses puck.
14:58 of 3rd period - Slapshot by Daniel Carcillo.
14:58 of 3rd period - Shot Misses the Net.
15:00 of 3rd period - Slapshot by Craig Rivet.
15:00 of 3rd period - Stopped by Marc-André Fleury with a rebound.
15:02 of 3rd period - Slapshot by Daniel Carcillo.
15:02 of 3rd period - Stopped by Marc-André Fleury without a rebound.
15:03 of 3rd period - Brooks Laich wins face-off versus Peter Forsberg in Maple Leafs zone.
15:29 of 3rd period - Jordan Leopold is hit by Kris Versteeg and loses puck.
15:54 of 3rd period - Snap shot by Nils Ekman.
15:54 of 3rd period - Stopped by Marc-André Fleury with a rebound.
16:02 of 3rd period - Slapshot by Nicklas Lidstrom.
16:02 of 3rd period - Shot Blocked by Derek Roy.
16:12 of 3rd period - Slapshot by Steve Ott.
16:12 of 3rd period - Deflect By Kris Versteeg.
16:12 of 3rd period - Stopped by Jocelyn Thibault without a rebound.
16:13 of 3rd period - Paul Stastny wins face-off versus Kris Versteeg in Blackhawks zone.
16:15 of 3rd period - Minor Penalty to Francis Bouillon for Roughing.
16:16 of 3rd period - Peter Forsberg wins face-off versus Chris Gratton in Blackhawks zone.
16:23 of 3rd period - Wrist shot by Claude Giroux.
16:23 of 3rd period - Shot Misses the Net.
18:15 of 3rd period - Penalty to Francis Bouillon is over, Francis Bouillon is back on ice.
18:31 of 3rd period - Slapshot by Nicklas Lidstrom.
18:31 of 3rd period - Stopped by Marc-André Fleury with a rebound.
18:33 of 3rd period - Backhand shot by Daniel Carcillo.
18:33 of 3rd period - Shot Blocked by Darryl Sydor.
18:35 of 3rd period - Wrist shot by Daniel Carcillo.
18:35 of 3rd period - Deflect By Brooks Laich.
18:35 of 3rd period - Shot Misses the Net.
18:35 of 3rd period - Puck is out of play.
18:36 of 3rd period - Joe Sakic wins face-off versus Dustin Penner in Maple Leafs zone.
18:54 of 3rd period - Claude Giroux is hit by Alexei Kovalev and loses puck.
19:01 of 3rd period - Blackhawks, Jocelyn Thibault is pulled from the net.
19:13 of 3rd period - Wrist shot by Joe Sakic.
19:13 of 3rd period - Shot Misses the Net.
19:17 of 3rd period - Snap shot by Kris Versteeg.
19:17 of 3rd period - Stopped by Marc-André Fleury with a rebound.
19:19 of 3rd period - Wrist shot by Alexei Kovalev.
19:19 of 3rd period - Stopped by Marc-André Fleury with a rebound.
19:21 of 3rd period - Snap shot by Kris Versteeg.
19:21 of 3rd period - Shot Misses the Net.
19:23 of 3rd period - Wrist shot by Nicklas Lidstrom.
19:23 of 3rd period - Shot Misses the Net.
19:27 of 3rd period - Slapshot by Joe Sakic.
19:27 of 3rd period - Shot Misses the Net.
19:29 of 3rd period - Snap shot by Alexei Kovalev.
19:29 of 3rd period - Shot Misses the Net.
19:37 of 3rd period - Backhand shot by Kris Versteeg.
19:37 of 3rd period - Shot Misses the Net.
Output by the SimonT Hockey Simulator (STHS) for Pascal Landry -- Original Page W3C XHTML 1.0 Valid